Cogmind - Beta 16 @@@ ROGUE MODE // 2025.11.06 @ 02:03:03 Player: daxter767676 Result: Destroyed by Y-54 Guardian with Gatling Laser Performance ------------- Evolutions (4) 2000 Regions Visited (6) 1200 Robots Destroyed (18) 90 Value Destroyed (647) 647 Prototype IDs (0) 0 Alien Tech Used (0) 0 Bonus (991) 991 TOTAL SCORE: 4928 Bonus ------- Follower Combat Kills 191 Registered with UFD 300 Met Optimus in HQ 500 Cogmind --------- Core Integrity 0/850 Matter 257/300 Energy 98/100 System Corruption 1% Temperature Cool (18) Movement Core (50) Location -6/Extension Parts ------- > --- POWER (2) -------- (None) > --- PROPULSION (4) --- (None) > --- UTILITY (6) ------ Jamming Amplifier Hacking Suite > --- WEAPON (3) ------- (None) > --- INVENTORY (5) ---- Flexi-carbon Leg Improved Heat Sink Advanced Sensor Array Heavy Machine Gun Maul Peak State ------------ > --- POWER ------------ Angular Momentum Engine Light Fission Core > --- PROPULSION ------- Flexi-carbon Leg Overtuned Scrapsphere Overtuned Huge Scrapsphere > --- UTILITY ---------- Scrap Suit Improved Heat Sink Improved Heat Sink Huge Storage Unit Hacking Suite > --- WEAPON ----------- Heavy Assault Rifle Magnetic Acceleration Cannon Phasing Sabre > --- INVENTORY -------- Reinforced Deuterium Engine Angular Momentum Engine Light Angular Momentum Engine Flexi-carbon Leg Improved Heat Sink Improved Heat Sink Improved Heat Sink Improved Heat Sink Improved Cooling System Improved Cooling System High-capacity Battery Advanced Sensor Array Advanced Sensor Array Jamming Amplifier System Restoration Module Drone Bay Overtuned Quantum Rifle Overtuned Coil Gun Grenade Launcher Plasma Cutter Multitool Maul DRS Beacon [Rating: 70] Favorites ----------- Power Improved Ion Engine Engine Improved Ion Engine Power Core Neutrino Core Propulsion Compact Wheel Leg Improved Titanium Leg Wheel Compact Wheel Utility Huge Storage Unit Device Scrap Suit Storage Huge Storage Unit Processor Jamming Amplifier Hackware Hacking Suite Protection Makeshift Light Armor Plating Weapon Maul Energy Gun Shock Rifle Ballistic Gun Light Assault Rifle Ballistic Cannon Improved Light Cannon Special Weapon Plasma Cutter Impact Weapon Maul Slashing Weapon Phasing Sabre Build | -11 -10 -10 -9 -9 -6 -6 ------- Run | Yrd Mat Sub Rec Scr Fac Ext Slots Evolved 8 | . . . . . 8 . Power 1 | . . . . . 1 . Propulsion 2 | . . . . . 2 . Utility 4 | . . . . . 4 . Weapon 1 | . . . . . 1 . Parts Attached 45 | . . 7 2 8 9 19 Power 9 | . . . 1 2 3 3 Engine 7 | . . . 1 2 3 1 Core 2 | . . . . . . 2 Reactor . | . . . . . . . Propulsion 13 | . . 2 . 3 2 6 Treads . | . . . . . . . Leg 3 | . . . . 1 1 1 Wheel 10 | . . 2 . 2 1 5 Hover . | . . . . . . . Flight . | . . . . . . . Utility 12 | . . 2 . . 3 7 Device 7 | . . . . . 2 5 Storage 1 | . . 1 . . . . Processor 1 | . . . . . . 1 Hackware 1 | . . . . . . 1 Protection 2 | . . 1 . . 1 . Artifact . | . . . . . . . Weapon 11 | . . 3 1 3 1 3 Energy Gun 1 | . . 1 . . . . Energy Cannon . | . . . . . . . Ballistic Gun 4 | . . 1 . 1 1 1 Ballistic Cannon 2 | . . . . 1 . 1 Launcher . | . . . . . . . Special Weapon 2 | . . 1 . 1 . . Impact Weapon 1 | . . . 1 . . . Slashing Weapon 1 | . . . . . . 1 Piercing Weapon . | . . . . . . . Special Melee Weapon . | . . . . . . . Unidentified Prototypes . | . . . . . . . Parts Lost 33 | . . 5 . . . 28 Power 5 | . . 1 . . . 4 Propulsion 11 | . . 2 . . . 9 Utility 9 | . . . . . . 9 Weapon 8 | . . 2 . . . 6 Highest Loss Streak 9 | . . 2 . . . 9 To Critical Strikes . | . . . . . . . Average Backups 19 | . 7 11 15 22 19 21 Power 3 | . 1 1 2 5 1 2 Propulsion 4 | . 4 4 5 4 3 2 Utility 6 | . . 1 3 7 9 11 Weapon 3 | . 1 2 3 3 3 4 Tool/Special . | . . . . . . . Unused Backups 43 | . 6 4 . 14 1 18 Power 12 | . 1 1 . 6 1 3 Propulsion 6 | . 2 1 . 3 . . Utility 15 | . 1 . . 3 . 11 Weapon 10 | . 2 2 . 2 . 4 Tool/Special . | . . . . . . . Average Slot Usage (%) 85 | . 85 80 66 96 87 80 Engine 9 | . 14 6 1 14 12 6 Leg 6 | . 28 5 . 9 5 4 Wheel 15 | . . 17 14 15 20 14 Device 4 | . . . . . 12 16 Storage 11 | . 14 14 14 14 6 6 Hackware 1 | . . . . . . 4 Protection 11 | . . 13 14 14 12 3 Ballistic Gun 8 | . 28 22 14 4 5 4 Ballistic Cannon 4 | . . . . 7 . 5 Impact Weapon 7 | . . . 8 14 6 . Slashing Weapon 1 | . . . . . . 5 Peak Build Rating 70 | . 6 11 14 25 59 70 Average Rating 28 | . 6 9 10 20 48 60 On Entrance 17 | 6 6 6 9 14 23 59 Avg Prop Armor Cover (%) 5 | . . . . 7 3 4 Naked Turns . | . . . . . . . Heaviest Build 136 | 12 12 91 95 98 136 136 Greatest Support 54 | 20 20 32 16 22 32 54 Greatest Overweight (x) 15 | . . 5 5 9 4 15 Average Overweight (x) 4 | . . 2 5 6 3 4 Largest Inventory Capacity 25 | . 8 25 25 25 25 25 Average Capacity 24 | . 8 21 25 25 25 24 Most Carried 25 | . 8 14 19 25 25 25 Average Carried 20 | . 7 11 15 23 22 24 Final Capacity 25 | 8 8 25 25 25 25 5 Final Carried 25 | 6 8 14 19 25 25 5 Scrap Suit Usage (%) 27 | . . . . . 99 91 Parts Cannibalized 21 | . . . . . 1 20 Class Distribution -------------------- 67% | Mutant 16% | Derelict-Mutant 10% | Commander-Mutant 4% | Scrapper Dominant Class ---------------- Mutant | -10/Materials Mutant | -10/Subcaves Mutant | -9/Recycling Mutant | -9/Scraptown Derelict-Mutant | -6/Factory Commander-Mutant | -6/Extension Resources | -11 -10 -10 -9 -9 -6 -6 ----------- Run | Yrd Mat Sub Rec Scr Fac Ext Matter Collected 901 | 200 . 214 10 50 50 377 Remotely . | . . . . . . . Salvage Created 877 | . . 215 . . 50 612 Parts 38 | . . 10 . . 7 21 Haulers Intercepted . | . . . . . . . Recyclers Shooed . | . . . . . . . Parts Field Recycled . | . . . . . . . Retrieved Matter . | . . . . . . . Parts Self-Destructed 4 | . . 4 . . . . Prevented . | . . . . . . . Parts Restored . | . . . . . . . Kills | -11 -10 -10 -9 -9 -6 -6 ------- Run | Yrd Mat Sub Rec Scr Fac Ext Combat Hostiles Destroyed 13 | . . 6 . . 1 6 Melee 3 | . . . . . . 3 Guns 7 | . . 6 . . 1 . Cannons 2 | . . . . . . 2 Classes Destroyed 10 | . . 4 . . 1 5 Recycler 2 | . . . . . . 2 Turret 2 | . . 2 . . . . Watcher 1 | . . . . . . 1 Swarmer 3 | . . 3 . . . . Grunt 1 | . . . . . . 1 Sentry 4 | . . . . . . 4 Hunter 1 | . . . . . . 1 Programmer 1 | . . . . . 1 . Artisan 1 | . . 1 . . . . Subdweller 3 | . . 3 . . . . Best Kill Streak 3 | . . 3 . . 1 2 Combat Bots Only 3 | . . 3 . . 1 2 Max Kills in Single Turn 1 | . . 1 . . 1 1 Gunslinging . | . . . . . . . Exploded . | . . . . . . . Melee 1 | . . . . . . 1 Uniques/NPCs Destroyed . | . . . . . . . Combat | -11 -10 -10 -9 -9 -6 -6 -------- Run | Yrd Mat Sub Rec Scr Fac Ext Hostile Shots Fired 777 | . 12 98 . . 8 659 Missed 276 | . 4 38 . . . 234 Hits 501 | . 8 60 . . 8 425 Projectile 501 | . 8 60 . . 8 425 Critical Strikes 4 | . . 2 . . 1 1 Damage Taken 5494 | . 75 742 . . 124 4553 Core 1079 | . . 222 . . 31 826 Absorbed by Shields 5 | . . . . . . 5 Ignored by Resistances 71 | . . . . . . 71 Regen/Repaired (Parts) 468 | . . . . 286 10 172 Core Remaining (%) 55 | 100 . . . 11 . . Volleys Fired 66 | . 6 38 . . 4 18 Largest 2 | . 2 2 . . 1 2 Hottest 80 | . 40 80 . . 30 74 Shots Fired 112 | . 12 60 . . 4 36 Gun 94 | . 12 60 . . 4 18 Cannon 18 | . . . . . . 18 Launcher . | . . . . . . . Special . | . . . . . . . Kinetic 111 | . 12 59 . . 4 36 Thermal 1 | . . 1 . . . . Explosive . | . . . . . . . Electromagnetic . | . . . . . . . Robot Hit Streak 19 | . 2 19 . . 3 14 Robot Miss Streak 5 | . 5 3 . . 1 1 Penetration Max . | . . . . . . . Secondary Targets 1 | . . 1 . . . . Max Gunslinging Chain 1 | . . 1 . . . . Shots Hit Robots 106 | . 4 46 . . 3 53 Core Hits 30 | . 1 15 . . 2 12 Critical Kills . | . . . . . . . Critical Parts Destroyed 2 | . . . . . . 2 Critical Strikes 6 | . . . . . . 6 Destroy 2 | . . . . . . 2 Blast 1 | . . . . . . 1 Smash 1 | . . . . . . 1 Sever 2 | . . . . . . 2 Melee Attacks 40 | . . . . . 11 29 Impact 16 | . . . . . 11 5 Slashing 24 | . . . . . . 24 Piercing . | . . . . . . . Sneak Attacks 2 | . . . . . . 2 Combat Hostiles . | . . . . . . . Follow-up Attacks . | . . . . . . . Damage Inflicted 2468 | . 49 501 . . 73 1845 Guns 953 | . 49 501 . . 73 330 Cannons 438 | . . . . . . 438 Explosions . | . . . . . . . Melee 1077 | . . . . . . 1077 Ramming . | . . . . . . . Kinetic 1370 | . 49 480 . . 73 768 Thermal 21 | . . 21 . . . . Explosive . | . . . . . . . Electromagnetic . | . . . . . . . Impact 108 | . . . . . . 108 Slashing 969 | . . . . . . 969 Piercing . | . . . . . . . Highest Corruption 1 | . . . . . 1 1 Average Corruption 1 | . . . . . 1 1 Corruption Purged . | . . . . . . . Corruption Blocked . | . . . . . . . Effects 14 | . . . . . 1 13 Message Errors 3 | . . . . . 1 2 Matter Fused 4 | . . . . . . 4 Energy Discharges 1 | . . . . . . 1 Parts Rejected 1 | . . . . . . 1 Data Loss (minor) 3 | . . . . . . 3 Alerts 2 | . . . . . . 2 Overload Shots . | . . . . . . . Overflow Damage 92 | . . . . . . 92 Projectiles . | . . . . . . . Explosions . | . . . . . . . Melee 92 | . . . . . . 92 Knockbacks . | . . . . . . . Impact . | . . . . . . . Kinetic . | . . . . . . . Secondary . | . . . . . . . Self-Inflicted Damage . | . . . . . . . Shots . | . . . . . . . Rammed . | . . . . . . . Targets Rammed . | . . . . . . . Kicked . | . . . . . . . Crushed . | . . . . . . . Highest Temperature 60 | . . 2 . . 30 60 Average Temperature 23 | . . 2 . . 17 24 Received Heat Transfer 1368 | . 18 288 . . . 1062 Siege Activations . | . . . . . . . Martial Activations . | . . . . . . . Shielding Activations . | . . . . . . . Robots Disrupted . | . . . . . . . Combat Hostiles . | . . . . . . . Robots Corrupted 1 | . . . . . . 1 Combat Hostiles 1 | . . . . . . 1 Parts Fried . | . . . . . . . Impact Corruptions 2 | . . . . . . 2 Robots Melted . | . . . . . . . Combat Hostiles . | . . . . . . . Parts Melted . | . . . . . . . Heat Transferred 25 | . . 25 . . . . Parts Sabotaged . | . . . . . . . Parts Stolen . | . . . . . . . Parts Stripped . | . . . . . . . Power Chain Reactions . | . . . . . . . Alert | -11 -10 -10 -9 -9 -6 -6 ------- Run | Yrd Mat Sub Rec Scr Fac Ext Maximum Alert Level . | . . . . . . . Low Security (%) 100 | . 100 . 100 . 100 100 Level 1 . | . . . . . . . Level 2 . | . . . . . . . Level 3 . | . . . . . . . Level 4 . | . . . . . . . Level 5 . | . . . . . . . High Security . | . . . . . . . Max Security . | . . . . . . . Peak Influence 103 | . . . 30 . 35 103 Initial . | . . . . . . . Average 9 | . . . 1 . 5 20 Influence Increases 783 | . . 190 56 . 99 438 Destroy 0b10 Robot/C 320 | . . 100 . . 20 200 Destroy 0b10 Robot/NC 15 | . . . . . . 15 Destroy Leader 32 | . . . . . 10 22 Allied During Kill 80 | . . . . . . 80 Successful Hack 71 | . . . 26 . 15 30 Select Force Hacks 30 | . . . 30 . . . Destroy Structure 10 | . . . . . 9 1 Lose Combat Pursuer 225 | . . 90 . . 45 90 Influence Decreases 783 | . . 190 56 . 99 438 Time Decay 613 | . . 160 54 . 99 300 Lost Part 81 | . . 30 . . . 51 Lost Ally 87 | . . . . . . 87 Purge Threat 2 | . . . 2 . . . Squads Dispatched 7 | . 2 . . . 1 4 Investigation 3 | . . . . . . 3 Extermination 1 | . . . . . 1 . Reinforcement 3 | . 2 . . . . 1 Assault . | . . . . . . . Garrison . | . . . . . . . Intercept . | . . . . . . . Searches Triggered . | . . . . . . . Construction Impeded 1 | . . . . . . 1 Haulers Reinforced . | . . . . . . . Active Scanning Responses . | . . . . . . . Cargo Convoy Interrupts . | . . . . . . . Stealth | -11 -10 -10 -9 -9 -6 -6 --------- Run | Yrd Mat Sub Rec Scr Fac Ext Distress Signals 2 | . 1 . . . . 1 Communications Jammed . | . . . . . . . Distress Signals . | . . . . . . . Times Spotted 53 | . 9 13 . . 3 28 Peak Tracking Total 7 | . 6 3 . . 3 7 Tactical Retreats 10 | . . 3 . . 1 6 Traps | -11 -10 -10 -9 -9 -6 -6 ------- Run | Yrd Mat Sub Rec Scr Fac Ext Traps Triggered 5 | . . . . . . 5 Indirectly . | . . . . . . . Trap Hack Attempts . | . . . . . . . Triggered . | . . . . . . . Disarmed . | . . . . . . . Reprogrammed . | . . . . . . . Reused . | . . . . . . . Traps Extracted . | . . . . . . . Installed . | . . . . . . . Triggered . | . . . . . . . Machines | -11 -10 -10 -9 -9 -6 -6 ---------- Run | Yrd Mat Sub Rec Scr Fac Ext Machines Disabled 1 | . . 1 . . . . Max in Single Turn 1 | . . 1 . . . . Machines Repaired . | . . . . . . . Machines Dismantled . | . . . . . . . Machines Sabotaged . | . . . . . . . Overloaded Fab Kills . | . . . . . . . Hacking | -11 -10 -10 -9 -9 -6 -6 --------- Run | Yrd Mat Sub Rec Scr Fac Ext Machines Accessed 18 | . . . 8 2 4 4 Terminals 11 | . . . 6 . 1 4 Fabricators . | . . . . . . . Repair Stations . | . . . . . . . Recycling Units 3 | . . . 2 . 1 . Scanalyzers 2 | . . . . . 2 . Garrison Access . | . . . . . . . Total Hacks 61 | . . . 32 8 9 12 Successful 32 | . . . 18 8 3 3 Failed 29 | . . . 14 . 6 9 Catastrophic 3 | . . . . . 1 2 Database Lockouts . | . . . . . . . Manual 38 | . . . 29 . 5 4 Terminals 43 | . . . 28 . 3 12 Fabricators . | . . . . . . . Repair Stations . | . . . . . . . Recycling Units 6 | . . . 4 . 2 . Scanalyzers 4 | . . . . . 4 . Garrison Access . | . . . . . . . Terminal Hacks 14 | . . . 4 8 . 2 Record 8 | . . . . 8 . . Open Door 1 | . . . . . . 1 Terminal Index 2 | . . . 1 . . 1 Unreport Threat 2 | . . . 2 . . . Zone Layout 1 | . . . 1 . . . Fabricator Hacks . | . . . . . . . Repair Station Hacks . | . . . . . . . Recycling Unit Hacks . | . . . . . . . Scanalyzer 1 | . . . . . 1 . Retrieve Study 1 | . . . . . 1 . Garrison Access Hacks . | . . . . . . . Unauthorized Hacks 17 | . . . 14 . 2 1 Terminals 14 | . . . 12 . 1 1 Track 2 | . . . 2 . . . Botnet 4 | . . . 4 . . . Operators 1 | . . . 1 . . . Skim 7 | . . . 5 . 1 1 Fabricators . | . . . . . . . Repair Stations . | . . . . . . . Recycling Units 3 | . . . 2 . 1 . Monitor 2 | . . . 1 . 1 . Tunnel 1 | . . . 1 . . . Scanalyzers . | . . . . . . . Garrison Access . | . . . . . . . Data Cores Recovered . | . . . . . . . Used . | . . . . . . . Hacking Detections 15 | . . . 7 . 4 4 Full Trace Events 3 | . . . 1 . . 2 Feedback Events . | . . . . . . . Feedback Blocked . | . . . . . . . Robot Schematics Acquired . | . . . . . . . Robots Built . | . . . . . . . Authchips . | . . . . . . . Time . | . . . . . . . Total Robot Build Rating . | . . . . . . . Part Schematics Acquired . | . . . . . . . Parts Built . | . . . . . . . Authchips . | . . . . . . . Time . | . . . . . . . Total Part Build Rating . | . . . . . . . Part Studies Acquired 1 | . . . . . 1 . Parts Repaired . | . . . . . . . Time . | . . . . . . . Parts Recycled . | . . . . . . . Recycled Matter . | . . . . . . . Retrieved Matter . | . . . . . . . Retrieved Components . | . . . . . . . Parts Scanalyzed . | . . . . . . . Part Schematics Acquired . | . . . . . . . Parts Damaged . | . . . . . . . Bothacking | -11 -10 -10 -9 -9 -6 -6 ------------ Run | Yrd Mat Sub Rec Scr Fac Ext Used RIF Installer . | . . . . . . . Robots Hacked . | . . . . . . . Non-combat . | . . . . . . . Combat . | . . . . . . . Robot Hacks Applied . | . . . . . . . Relay Couplers Released . | . . . . . . . Fabnet Peak Effective % . | . . . . . . . Robots Rewired 8 | . . . . . . 8 Allies Hacked . | . . . . . . . Hacks Repelled . | . . . . . . . Allies | -11 -10 -10 -9 -9 -6 -6 -------- Run | Yrd Mat Sub Rec Scr Fac Ext Total Allies 9 | . . . . . . 9 Largest Group 9 | . . . . . . 9 Highest-Rated Group 234 | . . . . . . 234 Highest-Rated Ally 31 | . . . . . . 31 Total Orders 8 | . . . . . . 8 STAY 3 | . . . . . . 3 FOLLOW 4 | . . . . . . 4 AID 1 | . . . . . . 1 Ally Attacks 38 | . . . . . . 38 Total Damage 816 | . . . . . . 816 Kills 4 | . . . . . . 4 Allies Corrupted . | . . . . . . . Allies Melted 1 | . . . . . . 1 Intel | -11 -10 -10 -9 -9 -6 -6 ------- Run | Yrd Mat Sub Rec Scr Fac Ext Active Infowar (turns) . | . . . . . . . Robot Analysis Total . | . . . . . . . Derelict Logs Recovered 6 | . . 2 . 4 . . Drone Launches . | . . . . . . . Drone Recoveries . | . . . . . . . Exploration | -11 -10 -10 -9 -9 -6 -6 ------------- Run | Yrd Mat Sub Rec Scr Fac Ext Turns Passed 7332 | . 256 693 1127 3092 653 1511 Spaces Moved 3923 | 1 184 369 640 1541 377 811 Core 4 | . . . . . . 4 Treads . | . . . . . . . Legs 244 | 1 184 59 . . . . Wheels 3675 | . . 310 640 1541 377 807 Hover . | . . . . . . . Flight . | . . . . . . . Fastest Speed 50 | 120 120 120 175 145 128 50 Average Speed 164 | 120 120 146 175 191 130 138 Slowest Speed 220 | 120 120 190 175 215 143 220 Overloaded Moves . | . . . . . . . Propulsion Burnouts . | . . . . . . . Robots Hopped . | . . . . . . . Potential Cave-ins . | . . . . . . . Cave-ins Triggered . | . . . . . . . Exploration Rate (%) 43 | 2 35 23 97 91 11 47 Regions Visited 6 Branch Regions 4 Pre-discovered Areas 3 | . . . 2 1 . . Known Exits Taken 2 | . . . 1 . 1 . Unknown Exits Taken 4 | 1 1 1 . 1 . . Scrap Searched 5 | . . . . 5 . . Spaces Dug 10 | . . . . . 10 . Terrain Destroyed 12 | . . . . . 11 1 Melee 10 | . . . . . 10 . Projectile 2 | . . . . . 1 1 AOE . | . . . . . . . Terrain Rammed . | . . . . . . . Walls Destroyed . | . . . . . . . Machines Disabled . | . . . . . . . Actions | -11 -10 -10 -9 -9 -6 -6 --------- Run | Yrd Mat Sub Rec Scr Fac Ext Total 4648 | . 207 465 646 1688 520 1122 Wait 431 | . 16 43 . 97 104 171 Move 3917 | . 183 368 639 1540 376 811 Hop . | . . . . . . . Pick Up 51 | . 2 8 5 20 8 8 Fast Attach 16 | . . 1 2 3 1 9 Attach 17 | . . 3 . . 7 7 Detach 5 | . . 1 . 1 2 1 Swap 15 | . . 3 . 5 2 5 Drop 31 | . . . . 21 5 5 Fire 66 | . 6 38 . . 4 18 Melee 40 | . . . . . 11 29 Ram . | . . . . . . . Kick . | . . . . . . . Crush . | . . . . . . . Escape Stasis 24 | . . . . . . 24 Rewire 34 | . . . . . . 34 Trap . | . . . . . . . Miscellaneous 1 | . . . . 1 . . Route ------- -11/Scrapyard -10/Materials -10/Subcaves (discovered 2 exits: [*Mat] / *Rec) -9/Recycling (discovered 2 exits: [*Fac] / *Scr) -9/Scraptown (discovered 2 exits: *Fac x2) -6/Factory -6/Extension History --------- Turn | Location | Event 1 | -11/Scrapyard | Discovered new exit (range 0) 1 | -11/Scrapyard | Entered Materials 243 | -10/Materials | Discovered new exit (range 14) 257 | -10/Materials | Entered Subcaves 260 | -10/Subcaves | Discovered new exit (range 9) 263 | -10/Subcaves | Learned 4 Materials zone layouts 278 | -10/Subcaves | Shifting Twisted Machinery released Mak. Light Armor Plating 305 | -10/Subcaves | Build established: Mutant 315 | -10/Subcaves | Discovered new exit (range 16) 412 | -10/Subcaves | A swath of the cavern ceiling suddenly collapsed 689 | -10/Subcaves | Core integrity fell below 50% 713 | -10/Subcaves | Core integrity fell below 20% 950 | -10/Subcaves | Entered Recycling 1207 | -9/Recycling | Discovered new exit (range 5) 1655 | -9/Recycling | Learned 2 Storage zone layouts 1729 | -9/Recycling | Learned Storage trap positions 1794 | -9/Recycling | Identified exit to Scraptown 1850 | -9/Recycling | Learned Materials trap positions 1898 | -9/Recycling | Learned Storage stockpile data 1957 | -9/Recycling | Learned location of 2 exits from Materials 2028 | -9/Recycling | Learned location of Storage (-9) 2035 | -9/Recycling | Scanned before Scraplab entrance 2059 | -9/Recycling | Entered Scraplab 2077 | -9/Recycling | Entered Scraptown 2102 | -9/Scraptown | Heard Great Nut preacher, LISTEN AND RECITE! 2301 | -9/Scraptown | Visited The Evicted 2319 | -9/Scraptown | Visited Symbiants 2364 | -9/Scraptown | Visited IN-MT5's Study 2455 | -9/Scraptown | Scanned Subdweller tech in exchange for log data 2458 | -9/Scraptown | Learned location of 1 exit from Research 2462 | -9/Scraptown | Learned location of Quarantine (-2) 2463 | -9/Scraptown | Learned Factory non-interactive machine intel 2479 | -9/Scraptown | Discovered new exit (range 11) 2925 | -9/Scraptown | Visited Spacefarers 2944 | -9/Scraptown | Visited CR-KLE's Repair Center 3007 | -9/Scraptown | Visited TADAMA 3047 | -9/Scraptown | Visited Red Mages 3393 | -9/Scraptown | Visited UFD Registry 3393 | -9/Scraptown | Registered with UFD as "Pipemod" 3431 | -9/Scraptown | Visited Junk Repository 3509 | -9/Scraptown | Visited Research Penetration Think Tank 3552 | -9/Scraptown | Visited DA-N13 Charitable Foundation 3583 | -9/Scraptown | Found DCF Scrap (26 items) 3870 | -9/Scraptown | Build established: Derelict-Mutant 3890 | -9/Scraptown | Visited Scrap Suit Storage 3902 | -9/Scraptown | Found Scrap Suit 3939 | -9/Scraptown | Visited Derelict Rescue Squad 3974 | -9/Scraptown | Found DRS Beacon 4018 | -9/Scraptown | Visited Observation Area 4095 | -9/Scraptown | Visited Modified Component R&D 4246 | -9/Scraptown | Visited Science Testing Area 4300 | -9/Scraptown | Visited Analyses Database 4338 | -9/Scraptown | Visited Chapter 10 4507 | -9/Scraptown | Build established: Mutant 4823 | -9/Scraptown | CR-KLE repaired 6 parts 5057 | -9/Scraptown | Met Optimus 5057 | -9/Scraptown | Accepted into 0bPrime 5144 | -9/Scraptown | Found Scrap Suit 5165 | -9/Scraptown | Discovered new exit (range 3) 5169 | -9/Scraptown | Entered Factory 5169 | -6/Factory | Evolved 8 slots: Power x1, Propulsion x2, Utility x4, Weapon x1 5170 | -6/Factory | Identified exit to Extension 5171 | -6/Factory | Loaded intel: 182 non-interactive machine locations 5464 | -6/Factory | Build established: Derelict-Mutant 5822 | -6/Factory | Entered Extension 5928 | -6/Extension | Lost 3 parts (1n2u) 6102 | -6/Extension | Rescued a captive Derelict 6263 | -6/Extension | Build established: Commander-Mutant 6742 | -6/Extension | Spotted B-75 Beast 6806 | -6/Extension | Lost 4 allies 6841 | -6/Extension | Allies destroyed B-75 Beast 6871 | -6/Extension | Lost 8 parts (2p3n2u1w) 6917 | -6/Extension | Spotted B-75 Beast 6978 | -6/Extension | Core integrity fell below 50% 7016 | -6/Extension | Lost 3 parts (1p2w) 7285 | -6/Extension | Build established: Scrapper 7314 | -6/Extension | Core integrity fell below 20% 7333 | -6/Extension | Destroyed by Y-54 Guardian with Gatling Laser Last Messages --------------- 07235_ Destroyed Imp. Cooling System. 07238_ Flexi-carbon Leg destroyed. 07248_ U-05 Engineer builds a Wall. 07312_ Angular Momentum Engine destroyed. 07313_ Knocked back. 07317_ Adv. Assault Cannon destroyed. 07321_ Scrap Suit destroyed. 07323_ Knocked back. 07326_ Ovr. Scrapsphere repairs itself (+0). 07326_ Acquired 3 matter. 07326_ Ovr. Scrapsphere destroyed. 07327_ Imp. Heat Sink destroyed. 07327_ Phasing Sabre destroyed. 07327_ Imp. Heat Sink destroyed. 07329_ Ovr. Huge Scrapsphere repairs itself (+1). 07329_ Acquired 3 matter. 07329_ Ovr. Huge Scrapsphere destroyed. 07330_ Hvy. Machine Gun destroyed. 07331_ Dropped Huge Storage Unit. 07332_ Extracted 29 energy. Map ----- +----------------------------------------------------+ | ???????# = ] #?#" ! %#?????????????????????? | | ???????# #?# %=!=#?????????????????????? | | ???????# = #?# %=%##????????????????????? | | ???????###########?# *=%=#????????????????????? | | ???????????????????####"""="#????????????????????? | | ???????????????????????# " %#????????????????????? | | ???????????????????????? "%"#????????????????????? | | ????????????????????????#" "#????????????????????? | | ?????????????????????????# "#????????????????????? | | ?????????????????????????# "#????????????????????? | | ?????????????????????????# ##????????????????????? | | ?????????????????????????# ###???????????????????? | | ?????????????????????????#%# #???????????????????? | | ?????????????????????????#*#%###?##??????????????? | | ???????????????????????###%### ## ##?????????????? | | ####???????????????????# = %%/ "" ???????????? | | ##??????????????????# % R " "??????????? | | "##?????????????????# ?????????? | | # ###?????????????### R #????????? | | #+#""""################# Y #????????? | | % u !|[]% ?????????? | | % *!!![[ ?????????? | | % !*!!| ?????????? | | !!!&* ????????? | | % A k R ????????? | | #########"############## @ % #????????? | | ????????###????????????# % #????????? | | ???????????????????????# #????????? | | ???????????????????????# ?????????? | | ???????????????????????# ?????????? | | ???????????????????????######T#"""#####??????????? | | ?????????????????????????????##??????????????????? | | ?????????????????????????????????????????????????? | | | | | | | | | | | | | | | | | | | | | | | | | | | | | | | | | | | +----------------------------------------------------+ Best States ------------- Heat Dissipation 65 Energy Generation 32 Energy Capacity 515 Matter Stores 300 Matter Capacity 300 Sight Range 16 Terrain Scan Density 10 Armor Coverage 325 Resistance: KI 20 Evasion (%) 55 Recoil Reduction 4 Offensive Hacking 10 Item Schematics ----------------- None Robot Schematics ------------------ None Fabricated ------------ Nothing Repaired ---------- Nothing Studied --------- Imp. Ion Engine | -6/Factory | Hacked Alien Tech Used ----------------- None Achievements -------------- None Challenges ------------ None Game ------ Seed ShockboltMiniGravjet Manual? 0 Play Time 00:58:10 Cumulative 160.5 hours Start 2025.11.06 @ 01:00:39 End 2025.11.06 @ 02:03:03 Sessions 1 Manual Loads 0 Difficulty Rogue Special Mode None Game No. 171 Rogue 169 Adventurer 2 Explorer 0 Win Type - Total 0 Types 0/0/0/0/0/0/0/0/0/0 Lore% 65 Gallery% 57 Achievement% 32 Wizard Run 0 Options --------- Layout 2 ASCII 0 Keyboard 1 Movement Vi Keybinds 0 Fullscreen 0 Font 42/SmallcapsGlow Map View 29x24 Zoom Use 37% Tactical HUD 1 Map Filters NONE Filters NONE Steam 1 RUN: 488e479d-0efa-4a1c-a634-9b196cca9653